Map: King Sejong Station LE

Players

ZippeH

  • Race: Terran Terran
  • League: Diamond

Miszu - Winner!

  • Race: Terran Terran

VOD

Have the link to the VOD?

Description

Time

  • Played on: July 3, 2016, 7:23 a.m.
  • Length: 10:05
Show
View Real Time Build Order
Export as new Build Order

ZippeH Terran 

Build Orders: Banshee Rush 

Get SALT Encoding   

  12  0:01  SCV  
  13  0:13  SCV  
  14  0:18  Supply Depot  
  14  0:26  SCV  
  15  0:40  SCV  
  15  0:41  Barracks  
  16  0:46  Refinery  
  16  0:52  SCV  
  16  0:56  Supply Depot  
  17  1:04  SCV  
  18  1:18  SCV  
  19  1:28  Marine  
  19  1:30  Orbital Command  
  20  1:45  Marine  
  21  1:53  Factory  
  21  1:56  SCV  
  22  2:03  Marine  
  23  2:09  SCV  
  23  2:18  Command Center  
  23  2:22  SCV  
  24  2:24  Refinery  
  24  2:26  Marine  
  25  2:34  SCV  
  26  2:38  Starport  
  26  2:39  Factory Tech Lab  
  26  2:46  Marine  
  27  2:52  Supply Depot  
  28  2:58  SCV  
  28  3:03  Marine  
  28  3:21  Marine  
  28  3:22  Banshee  
  28  3:25  Hellion  
  34  3:28  SCV  
  34  3:30  Supply Depot  
  35  3:41  SCV  
  36  3:42  Cloaking Field  
  34  3:50  Factory Tech Lab  
  34  3:52  Marine  
  34  3:54  SCV  
  36  3:59  Supply Depot  
  36  4:03  Bunker  
  36  4:05  Banshee  
  36  4:08  Orbital Command  
  39  4:15  Marine  
  40  4:22  SCV  
  41  4:26  Supply Depot  
  41  4:33  Siege Tank  
  41  4:34  SCV  
  41  4:36  Orbital Command  
  46  4:40  Marine  
  46  4:48  SCV  
  47  4:53  Barracks  
  47  4:54  Barracks  
  47  5:00  Marine  
  47  5:05  Siege Tank  
  51  5:18  Marine  
  52  5:38  Starport Reactor  
  52  5:41  SCV x2  
  54  5:46  Siege Tank  
  54  5:47  Barracks Tech Lab  
  54  5:48  Barracks Reactor, Barracks Tech Lab  
  57  5:53  SCV  
  57  5:54  SCV  
  59  6:00  Command Center  
  59  6:02  Engineering Bay  
  59  6:05  Engineering Bay, SCV  
  59  6:06  SCV  
  61  6:17  SCV  
  62  6:18  SCV  
  62  6:22  Siege Tank  
  66  6:26  Refinery  
  66  6:27  Refinery  
  66  6:30  SCV x2  
  58  6:42  SCV  
  58  6:44  Starport Reactor, Marine  
  60  6:54  Marine  
  60  6:55  Marine  
  53  7:09  SCV x2  
  53  7:13  Marine x2  
  57  7:16  Orbital Command  
  57  7:21  SCV x2  
  59  7:23  Marine x2  
  61  7:31  Marine  
  61  7:33  Marine, SCV x2  
  61  7:40  Marine  
  62  7:45  SCV x2  
  64  7:55  Marine x3  
  64  7:57  Stimpack  
  67  7:58  Marine  
  67  8:04  SCV  
  66  8:07  SCV  
  66  8:12  Marine x2  
  67  8:13  Marine, Barracks  
  67  8:15  Missile Turret  
  67  8:17  Barracks  
  67  8:19  Missile Turret  
  70  8:20  Orbital Command  
  70  8:21  Missile Turret  
  70  8:22  Marine  
  70  8:25  Missile Turret x2  
  71  8:29  Viking, Medivac  
  71  8:30  Marine  
  71  8:33  Marine x2  
  78  8:36  Combat Shields  
  76  8:56  Marine x4  
  76  8:59  Viking, Medivac  
  76  9:00  SCV  
  76  9:01  SCV  
  86  9:04  Marine x2  
  86  9:07  SCV  
  89  9:13  SCV  
  89  9:14  Marine  
  91  9:18  SCV  
  91  9:21  SCV  
  93  9:25  Barracks Reactor  
Show
View Real Time Build Order
Export as new Build Order

Miszu Terran - Winner!

Build Orders: MMM Bio 

Get SALT Encoding   

  12  0:01  SCV  
  13  0:13  SCV  
  14  0:18  Supply Depot  
  14  0:25  SCV  
  15  0:39  SCV  
  15  0:41  Barracks  
  16  0:43  Refinery  
  16  0:51  SCV  
  17  0:59  Barracks  
  17  1:03  SCV  
  18  1:16  SCV  
  19  1:28  Orbital Command  
  19  1:29  Reaper  
  20  1:41  Supply Depot  
  20  1:46  Reaper  
  21  1:53  SCV  
  22  2:03  Reaper  
  22  2:05  SCV  
  24  2:17  SCV  
  24  2:18  Command Center  
  24  2:22  Reaper  
  26  2:25  Refinery  
  26  2:39  Reaper  
  26  2:40  SCV  
  28  2:44  Barracks  
  28  2:51  Supply Depot  
  28  2:52  SCV  
  28  2:54  Barracks Tech Lab  
  29  3:04  SCV  
  30  3:22  SCV  
  30  3:23  Marine  
  30  3:24  Stimpack  
  31  3:32  Marine  
  32  3:36  Factory, SCV  
  32  3:37  Orbital Command  
  32  3:38  Barracks Reactor  
  32  3:41  Marine  
  33  3:48  SCV  
  33  3:50  Marine  
  35  3:58  Marine  
  35  4:00  SCV  
  35  4:02  SCV  
  38  4:06  Engineering Bay, Refinery  
  38  4:08  Marine  
  39  4:12  SCV  
  39  4:14  SCV  
  39  4:16  Marine x3  
  44  4:24  SCV  
  44  4:25  Starport, Factory Reactor  
  44  4:26  Marine, SCV  
  47  4:32  Supply Depot  
  47  4:34  Terran Infantry Weapons Level 1  
  47  4:36  Marine  
  47  4:37  Marine, SCV  
  50  4:38  SCV  
  52  4:46  Supply Depot  
  52  4:49  Marine, SCV  
  54  4:53  SCV  
  54  4:54  Marine  
  54  4:55  Missile Turret  
  54  4:56  Missile Turret  
  55  5:01  SCV  
  55  5:05  SCV  
  51  5:14  SCV  
  51  5:15  Medivac x2  
  51  5:18  SCV  
  51  5:20  Factory Tech Lab  
  55  5:24  Combat Shields  
  55  5:26  SCV  
  54  5:30  Marine x3, SCV  
  54  5:31  Marine  
  59  5:45  Viking x2, SCV  
  64  5:53  SCV  
  66  5:57  SCV  
  66  5:58  Siege Tank  
  66  6:01  Supply Depot  
  69  6:04  Refinery  
  69  6:05  SCV  
  69  6:07  Supply Depot  
  70  6:13  SCV  
  70  6:14  Marine  
  70  6:20  SCV  
  70  6:22  Marine  
  70  6:25  SCV  
  72  6:32  SCV  
  73  6:35  Terran Infantry Armor Level 1  
  73  6:37  SCV  
  74  6:43  Marine x3  
  74  6:44  Command Center, SCV  
  78  6:50  SCV  
  77  6:56  SCV  
  78  7:04  SCV  
  77  7:08  SCV  
  78  7:18  Marine x2, Siege Tank, SCV  
  78  7:19  Barracks Reactor  
  78  7:21  SCV  
  85  7:25  Supply Depot  
  85  7:30  SCV  
  85  7:31  Supply Depot  
  85  7:32  Medivac  
  85  7:33  Medivac  
  81  7:39  SCV  
  81  7:42  SCV  
  80  7:51  SCV  
  80  7:54  SCV  
  80  7:59  Marine  
  80  8:00  Marine x4  
  80  8:01  Siege Tank  
  80  8:03  SCV  
  80  8:05  Barracks  
  89  8:06  Barracks  
  89  8:07  SCV  
  89  8:10  Factory  
  89  8:11  Engineering Bay  
  90  8:15  SCV  
  90  8:17  Supply Depot, Marine x3  
  90  8:18  Marine x2  
  96  8:21  Viking  
  96  8:22  Viking  
  96  8:25  SCV  
  101  8:30  Orbital Command  
  101  8:35  Marine x4  
  101  8:36  Armory  
  101  8:37  Marine  
  101  8:41  Siege Tank  
  109  8:53  Marine  
  109  8:55  Medivac x2  
  114  8:57  Orbital Command  
  114  9:01  Marine  
  114  9:02  Marine  
  116  9:03  Factory Tech Lab  
  116  9:04  Barracks Reactor x2  
  116  9:12  Marine  
  116  9:13  Siege Tank  
  116  9:14  Marine x2  
  122  9:19  Marine  
  123  9:24  Marine  
  125  9:49  SCV x2  
  125  9:51  Supply Depot  
  125  9:52  SCV  
Tags
 
Composition
MMM Bio
League
Diamond
Matchup
TvT
Race
Terran
Strategy
Banshee Rush
Add a new tag
Caveats
  • Supply blocks, unpowered buildings, or Contaminate may cause inaccurate times.
  • Supply counts are checked every 10 seconds.